 Dungeon Crawl Stone Soup version 0.28.0-43-g3370ac3207 (webtiles) character file.

Game seed: 13344443688809218555

608 Faeu the Covered (level 7, 0/62 HPs)
             Began as a Minotaur Fighter on Mar 22, 2022.
             Slain by Peloso's ghost (9 damage)
             ... on level 3 of the Dungeon.
             The game lasted 00:08:27 (3753 turns).

Faeu the Covered (Minotaur Fighter)                 Turns: 3753, Time: 00:08:28

Health: 0/62       AC: 10    Str: 22    XL:     7   Next: 19%
Magic:  6/6        EV:  7    Int:  5    God:
Gold:   191        SH:  5    Dex: 10    Spells: 6/6 levels left

rFire   . . .      SeeInvis .   a - +0 long sword {long}
rCold   . . .      Faith    .   c - +0 buckler
rNeg    . . .      Spirit   .   o - +0 chain mail
rPois   .          Reflect  .   (helmet restricted)
rElec   .          Harm     .   (no cloak)
rCorr   .          Rampage  .   (no gloves)
Will    .....                   (no boots)
Stlth   ..........              (no amulet)
HPRegen 0.20/turn               (no ring)
MPRegen 0.10/turn               (no ring)

@: mighty
A: horns 2, retaliatory headbutt
a: no special abilities


You were on level 3 of the Dungeon.
You visited 1 branch of the dungeon, and saw 5 of its levels.

You collected 191 gold pieces.


Innate Abilities, Weirdness & Mutations

You have a pair of horns on your head.
You reflexively headbutt those who attack you in melee.


   Skills:
 + Level 5.8 Fighting
 + Level 5.1 Long Blades
 + Level 6.0 Armour
 + Level 5.9 Shields


You had 6 spell levels left.
You didn't know any spells.
Your spell library contained the following spells:

 Spells                   Type           Power      Damage    Failure   Level
 Animate Skeleton         Necr           0%         N/A       99%         1
 Apportation              Tloc           0%         N/A       99%         1
 Slow                     Hex            0%         N/A       99%         1
 Summon Small Mammal      Summ           0%         N/A       99%         1
 Confusing Touch          Hex            0%         N/A       100%        3
 Vampiric Draining        Necr           0%         2d6       100%        3

Inventory:

Hand Weapons
 a - a +0 long sword (weapon) {long}
Missiles
 e - 3 boomerangs (quivered) {throwing}
Armour
 c - a +0 buckler (worn)
 o - a +0 chain mail (worn)
   (You took it off a goblin on level 4 of the Dungeon)
Scrolls
 b - a scroll of amnesia {unknown}
 k - a scroll of enchant armour {unknown}
 l - a scroll of identify {unknown}
 m - a scroll of immolation {unknown}
 p - a scroll of teleportation {unknown}
Potions
 d - a potion of might
 f - 2 potions of heal wounds {unknown}
 g - 2 potions of curing {unknown}
 h - a potion of invisibility {unknown}
 i - 2 potions of attraction {unknown}
 j - a potion of brilliance {unknown}
 n - a potion of lignification {unknown}
 q - 2 potions of berserk rage {unknown}

Dungeon Overview and Level Annotations

Branches:
Dungeon (5/15)
 Temple: D:4-7

Altars:
Ashenzari
Kikubaaqudgha
Nemelex Xobeh
Okawaru
Vehumet
Yredelemnul

Shops:
D:1 (

Annotations:
D:3 Peloso's ghost, amateur MiFi

##.#...####.# ########...#.#.#...
.#.....####.###.....######.#.#.##
.###...##.....+......# #.#.#.#
.....................# #.#.#.#
.....>....###........#####.###.#
.........##⌠##...........#.###.#
#####...##...##.....####.#...#.#
# #..##..!..##..### #.###.#.## #
#..#⌠..♣...W@.# #.# #.#.## #
#..##..?..##..# #.# #.#.## #
#...##...##...# #.# #.#.## #
##...##⌠##...#######.# #.#...
######....###............# #.####
......^#.......##.....<..###.####
...######.......+........'.#.....
...# #########........#.#####.
#### ######.#.#.......


You could see Peloso's ghost.


Message History

You resist with significant effort. 😮 HP[+1]
You barely miss Grinder. Your headbutt misses Grinder.
Grinder hits you but does no damage.
You completely miss Grinder.
Grinder says, "FISH!"
Grinder hits you but does no damage.
You slash Grinder! Your headbutt misses Grinder.
Grinder hits you but does no damage.
You barely miss Grinder. You headbutt Grinder!
Grinder hits you but does no damage.
You closely miss Grinder. Your headbutt misses Grinder. Grinder hits you.
* * * LOW HITPOINT WARNING * * *
You writhe in agony.
* * * LOW HITPOINT WARNING * * *
😨 HP[-6]
You take 6 damage, and now have 23/56 hp.
You barely miss Grinder. You block Grinder's attack.
You closely miss Grinder. You block Grinder's attack.
Grinder hits you but does no damage.
You barely miss Grinder. You headbutt Grinder.
You kill Grinder!
Your Long Blades skill increases to level 5!
Your Armour skill increases to level 6!
You have reached level 7! 😨 HP[+3] MP[+1]
You now have 62 max hp (+6).
You regained 3 hp, and now have 26/62 hp.
Your mp is fully restored (6).
You start resting.
HP restored. 😎 HP[+36]
You now have 191 gold pieces (gained 16).
You pick up a book of Cantrips and begin reading...
You add the spells Animate Skeleton, Summon Small Mammal and Apportation to your library.
No target in view!
There is an open door here.
Peloso's ghost turns its malevolent gaze towards you.
There is an open door here.
There is an open door here.
Peloso's ghost turns its malevolent gaze towards you.
Peloso's ghost whispers, "There is no future for you."
You open the door. You hit Peloso's ghost. You headbutt Peloso's ghost.
Peloso's ghost shrieks, "There is no future for me!"
Peloso's ghost hits you! 😕 HP[-13]
You take 13 damage, and now have 49/62 hp.
MASSIVE DAMAGE!! (PAUSE)
You barely miss Peloso's ghost. You headbutt Peloso's ghost.
Peloso's ghost hits you! 😮 HP[-9]
You take 9 damage, and now have 40/62 hp.
You are too injured to fight recklessly!
You are too injured to fight recklessly!
You are too injured to fight recklessly!
You are too injured to fight recklessly!
You are too injured to fight recklessly!
You are too injured to fight recklessly!
You are too injured to fight recklessly!
You are too injured to fight recklessly!
You are too injured to fight recklessly!
You are too injured to fight recklessly!
You are too injured to fight recklessly!
You are too injured to fight recklessly!
You are too injured to fight recklessly!
You are too injured to fight recklessly!
You are too injured to fight recklessly!
You hit Peloso's ghost. Peloso's ghost hits you. 😮 HP[-4]
You take 4 damage, and now have 36/62 hp.
You hit Peloso's ghost but do no damage.
You block Peloso's ghost's attack. Peloso's ghost hits you. 😮 HP[-3]
You take 3 damage, and now have 33/62 hp.
You barely miss Peloso's ghost. Peloso's ghost hits you!
* * * LOW HITPOINT WARNING * * *
😨 HP[-8]
You take 8 damage, and now have 25/62 hp.
You barely miss Peloso's ghost. Peloso's ghost hits you.
* * * LOW HITPOINT WARNING * * *
😨 HP[-4]
You take 4 damage, and now have 21/62 hp.
You hit Peloso's ghost.
You headbutt Peloso's ghost, but do no damage.
Peloso's ghost hits you but does no damage. 😨 HP[+1]
You barely miss Peloso's ghost.
You headbutt Peloso's ghost, but do no damage.
Peloso's ghost hits you!
* * * LOW HITPOINT WARNING * * *
😱 HP[-13]
You take 13 damage, and now have 9/62 hp.
MASSIVE DAMAGE!! (PAUSE)
You slash Peloso's ghost! Your headbutt misses Peloso's ghost.
Peloso's ghost barely misses you. You furiously retaliate!
You headbutt Peloso's ghost, but do no damage.
You feel very mighty all of a sudden. Peloso's ghost hits you!
You die...

Skill      XL: |  1  2  3  4  5  6 |
---------------+-------------------+-----
Shields        | 4 5 |  5.9
Fighting       | 4 5 |  5.8
Armour         | 4 5 6 |  6.0
Long Blades    | 3 4 5 |  5.1

Action                   |  1- 3 |  4- 6 |  7- 9 || total
-------------------------+-------+-------+-------++-------
Melee: Long sword        |   101 |    85 |     9 ||   195
       Headbutt          |     9 |    11 |     4 ||    24
  Use: Potion            |       |       |     1 ||     1
Armor: Scale mail        |    54 |    15 |       ||    69
       Chain mail        |       |    27 |     1 ||    28
Dodge: Dodged            |    51 |    28 |     1 ||    80
Block: Buckler           |    19 |    20 |     1 ||    40

Levels and vault maps discovered:
D:1:      onia_arrival_pyramid, layout_basic, serial_shops, shop,
          minmay_domino_2
D:2:      layout_loops_cross, hellmonk_ecumenical_altar_crossroads,
          grunt_ministairs_2
D:3:      layout_basic, mainiacjoe_overflow_paths,
          mainiacjoe_overflow_large_starburst, fiery_altar_vehumet,
          jmf_multi_god_temple, hellmonk_ghost_happy_afterlife, uniq_grinder
D:4:      layout_loops_ring
D:5:      layout_layer_cave, minmay_temple_entry_mist, uniq_menkaure

Notes
Turn   | Place    | Note
-------+----------+-------------------------------------------
     0 | D:1      | Faeu the Minotaur Fighter began the quest for the Orb.
     0 | D:1      | Reached XP level 1. HP: 19/19 MP: 0/0
     0 | D:1      | magus.rc [v1.9.6]
   105 | D:1      | Reached XP level 2. HP: 23/27 MP: 1/1
   432 | D:1      | Reached skill level 4 in Shields
   457 | D:1      | Reached skill level 4 in Fighting
   457 | D:1      | Reached skill level 4 in Armour
   822 | D:1      | Found Sakkol's Antique Weapon Shoppe.
  1018 | D:1      | Reached XP level 3. HP: 33/33 MP: 2/2
  1196 | D:2      | Reached skill level 3 in Long Blades
  1367 | D:2      | Found a faded altar of an unknown god.
  1925 | D:3      | Reached XP level 4. HP: 36/40 MP: 3/3
  1956 | D:3      | Noticed Peloso's ghost (amateur MiFi)
  1957 | D:3      | You fall into a shaft and drop 2 floors!
  1957 | D:5      | Entered Level 5 of the Dungeon
  1995 | D:4      | Noticed a water moccasin
  2005 | D:4      | Killed a water moccasin
  2006 | D:4      | Reached XP level 5. HP: 33/47 MP: 4/4
  2209 | D:4      | Reached skill level 5 in Fighting
  2209 | D:4      | Reached skill level 4 in Long Blades
  2209 | D:4      | Reached skill level 5 in Armour
  2209 | D:4      | Reached skill level 5 in Shields
  2447 | D:4      | Noticed an ogre
  2454 | D:4      | Killed an ogre
  2455 | D:4      | Reached XP level 6. HP: 55/56 MP: 5/5
  2525 | D:3      | Found an iron altar of Okawaru.
  2528 | D:3      | Found a runed translucent door.
  2571 | D:3      | Found an ancient bone altar of Kikubaaqudgha.
  2600 | D:3      | Found a radiant altar of Vehumet.
  2663 | D:3      | You pick up a book of Debilitation and begin reading...
  2663 | D:3      | You add the spells Slow, Vampiric Draining and Confusing
                  | Touch to your library.
  2705 | D:3      | Found a broken altar of Ashenzari.
  2706 | D:3      | Found a basalt altar of Yredelemnul.
  3217 | D:3      | Found a sparkling altar of Nemelex Xobeh.
  3246 | D:3      | Noticed Grinder
  3250 | D:3      | Paralysed by Grinder for 6 turns
  3277 | D:3      | Killed Grinder
  3278 | D:3      | Reached skill level 5 in Long Blades
  3278 | D:3      | Reached skill level 6 in Armour
  3278 | D:3      | Reached XP level 7. HP: 26/62 MP: 6/6
  3502 | D:3      | You pick up a book of Cantrips and begin reading...
  3502 | D:3      | You add the spells Animate Skeleton, Summon Small Mammal
                  | and Apportation to your library.
  3751 | D:3      | HP: 9/62 [Peloso's ghost (13)]
  3753 | D:3      | Slain by Peloso's ghost

Vanquished Creatures
  Grinder (D:3)
  A water moccasin (D:4)
  An ogre (D:4)
  A scorpion (D:4)
  A hound (D:4)
  An orc priest (D:3)
  2 adders
  A shadow imp (D:3)
  An ufetubus (D:4)
  2 worms
  3 dart slugs
  5 orcs
  5 ball pythons
  8 bats
  4 endoplasms
  4 giant cockroaches
  4 hobgoblins (D:1)
  6 kobolds
  6 quokkas
  2 frilled lizards
  7 goblins
  4 rats
70 creatures vanquished.

Table legend:
 A = Non-vault XP
 B = Vault XP
 C = Vault XP percentage of total XP
 D = Non-vault monster count
 E = Vault monster count
 F = Vault count percentage of total count
                 A         B        C        D         E       F
            +---------+---------+-------+---------+---------+-------
      Total |     565 |     304 |  35.0 |      63 |       7 |  10.0
            +---------+---------+-------+---------+---------+-------
        D:1 |      36 |       5 |  12.2 |      20 |       2 |   9.1
        D:2 |      36 |       3 |   7.7 |      13 |       2 |  13.3
        D:3 |      85 |     296 |  77.7 |      17 |       3 |  15.0
        D:4 |     408 |       0 |   0.0 |      13 |       0 |   0.0
            +---------+---------+-------+---------+---------+-------

Illustrated notes

Table legend:
 A = Kills in this place as a percentage of kills in entire the game.
 B = Kills by you in this place as a percentage of kills by you in the entire game.
 C = Kills by friends in this place as a percentage of kills by friends in the entire game.
 D = Other kills in this place as a percentage of other kills in the entire game.
 E = Experience gained in this place as a percentage of experience gained in the entire game.
 F = Experience gained in this place divided by the number of levels of this place that you have seen.
                   A       B       C       D       E      F
               +-------+-------+-------+-------+-------+----------------------
         Total | 100.0 | 100.0 |   N/A |   N/A | 100.0 | 173.8
       Dungeon | 100.0 | 100.0 |   N/A |   N/A | 100.0 | 173.8
               +-------+-------+-------+-------+-------+----------------------

Table legend: (Time is in decaauts)
 A = Elapsed time spent in this place.
 B = Non-inter-level travel time spent in this place.
 C = Inter-level travel time spent in this place.
 D = Time resting spent in this place.
 E = Time spent auto-exploring this place.
 F = Levels seen in this place.
 G = Mean time per level.
                   A        B        C        D        E       F      G
               +--------+--------+--------+--------+--------+-----+--------+
         Total |   3803 |   3688 |    115 |    481 |   2559 |   5 |  760.6 |
       Dungeon |   3803 |   3688 |    115 |    481 |   2559 |   5 |  760.6 |
               +--------+--------+--------+--------+--------+-----+--------+

Top non-repeatable levels by time:
     D:3: 1370 daAuts
     D:1: 1190 daAuts
     D:2: 666 daAuts
     D:4: 562 daAuts
     D:5: 12 daAuts
